 Dungeon Crawl Stone Soup version 0.20.2 (webtiles) character file.

1645 Alfie the Archer (level 8, -4/72 HPs)
             Began as a Minotaur Hunter on Apr 2, 2020.
             Slain by Alfie's ghost (8 damage)
             ... on level 7 of the Dungeon on Apr 6, 2020.
             The game lasted 00:19:20 (4595 turns).

Alfie the Archer (Minotaur Hunter)                  Turns: 4595, Time: 00:19:21

Health: -4/72      AC:  4    Str: 19    XL:     8   Next: 67%
Magic:  0/7        EV: 13    Int:  8    God:
Gold:   201        SH:  0    Dex: 11    Spells: 7/7 levels left

rFire    . . .     SeeInvis .   b - +1 short sword
rCold    . . .     Gourm    .   (no shield)
rNeg     . . .     Faith    .   c - +0 leather armour
rPois    .         Spirit   +   (helmet restricted)
rElec    +         Reflect  .   k - scarf {Spirit}
rCorr    .         Harm     .   (no gloves)
MR       .....                  (no boots)
Stlth    +.........             l - amulet of regeneration
Regen    0.7/turn               (no ring)
MPRegen  0.1/turn               (no ring)

@: glowing
A: retaliatory headbutt, horns 2, rugged brown scales 1, electricity resistance,
subdued magic 1
a: no special abilities


You were on level 7 of the Dungeon.
You were not hungry.

You visited 1 branch of the dungeon, and saw 7 of its levels.

You collected 201 gold pieces.

Inventory:

Hand Weapons
 a - a +1 shortbow
 b - a +1 short sword (weapon)
Missiles
 d - 57 arrows
Armour
 c - a +0 leather armour (worn)
 k - a scarf of spirit shield (worn)
Jewellery
 e - an uncursed ring of ice
 l - an amulet of regeneration (around neck)
 o - a cursed ring of see invisible
 y - an uncursed ring of fire {unknown}
 A - an uncursed ring of magical power {unknown}
 B - an uncursed ring of protection from fire {unknown}
Wands
 q - a wand of random effects (20/48)
 r - a wand of random effects (20/48)
Scrolls
 j - a scroll of amnesia
 t - a scroll of fog
Potions
 g - a potion of degeneration {unknown}
 h - a potion of lignification {unknown}
 i - a potion of berserk rage {unknown}
 m - 2 potions of curing
 p - a potion of magic
 s - a potion of heal wounds {unknown}
 u - a potion of brilliance {unknown}
 x - 4 potions of might {unknown}
Books
 w - a book of Cantrips

   Spells                             Type                      Level
   a - Confusing Touch                Hexes                        1
   b - Animate Skeleton               Necromancy                   1
   c - Summon Small Mammal            Summoning                    1
   d - Apportation                    Translocation                1
Comestibles
 f - 2 bread rations
 n - 6 fruits
 z - 3 meat rations


   Skills:
 + Level 6.0 Fighting
 + Level 2.9 Short Blades
 + Level 10.4 Bows
 + Level 3.3 Armour
 + Level 3.4 Dodging
 + Level 1.2 Stealth


You had 7 spell levels left.
You didn't know any spells.

Dungeon Overview and Level Annotations

Branches:
Dungeon (7/15)
 Temple: D:4-7

Altars:
Xom
The Shining One

Annotations:
D:7 Alfie's ghost, novice MiHu


Innate Abilities, Weirdness & Mutations

You reflexively headbutt those who attack you in melee.
You have a pair of horns on your head.
You are partially covered in rugged brown scales. (AC +1, +3% HP)
You are resistant to electric shocks. (rElec)
Your spells are a little easier to cast, but a little less powerful.


Message History

Alfie's ghost gestures at you while chanting.
You are outlined in light.
You hit Alfie's ghost.
Alfie's ghost is heavily damaged.
Alfie's ghost hits you.
* * * LOW HITPOINT WARNING * * *
You hit Alfie's ghost but do no damage.
Alfie's ghost is heavily damaged.
You hit Alfie's ghost.
Alfie's ghost is heavily damaged.
Alfie's ghost hits you.
* * * LOW HITPOINT WARNING * * *
You closely miss Alfie's ghost. You headbutt Alfie's ghost.
Alfie's ghost is heavily damaged.
Alfie's ghost hits you!
* * * LOW HITPOINT WARNING * * *
You miss Alfie's ghost. Your headbutt misses Alfie's ghost.
Alfie's ghost is heavily damaged.
Alfie's ghost hits you!
You die... .P...P...P..#..#§# PPP.P.P.PPP.P.....#§# .
P.Z..
P.....P..##§#§# # PPPP

PPPPP.P...§§§§#
##.#.# #..^..§§§§#
#..#.# ####.######
#.##.# #O#
#.##.######## #W#
............# #@#
.......###..# #.#
#.##...###..####.#
#..<...#.........#
###...<..#..######
.>.........?#
######.....##
#######


You could see an ogre and Alfie's ghost.

Vanquished Creatures
  The ghost of Alfie the Shooter, an amateur MiHu (D:4)
  2 phantoms (D:4)
  An ogre (D:6)
  2 centaurs
  3 bullfrogs (D:6)
  A scorpion (D:4)
  4 crimson imps
  A jelly (D:5)
  A hound (D:6)
  An orc priest (D:4)
  2 bullfrog skeletons
  Jessica (D:2)
  3 iguanas
  6 worker ants
  2 killer bee zombies (D:5)
  8 adders
  An adder zombie (D:6)
  3 adder skeletons
  2 worms
  A dart slug (D:3)
  4 leopard geckos
  10 orcs
  5 bats
  8 giant cockroaches
  6 goblins
  8 hobgoblins
  6 jackals
  12 kobolds
  2 quokkas
  3 ball pythons
  9 frilled lizards
  A quokka zombie (D:5)
  5 rats
125 creatures vanquished.

Vanquished Creatures (others)
  A bush (D:7)
1 creature vanquished.

Grand Total: 126 creatures vanquished

Notes
Turn   | Place    | Note
-------+----------+-------------------------------------------
     0 | D:1      | Alfie the Minotaur Hunter began the quest for the Orb.
     0 | D:1      | Reached XP level 1. HP: 18/18 MP: 0/0
    93 | D:1      | Gained mutation: Your spells are a little easier to cast, but a little less powerful. [potion of mutation]
    93 | D:1      | Gained mutation: You are partially covered in rugged brown scales. (AC +1, +3% HP) [potion of mutation]
    93 | D:1      | Gained mutation: You are resistant to electric shocks. (rElec) [potion of mutation]
   131 | D:1      | Reached XP level 2. HP: 16/25 MP: 1/1
   327 | D:1      | Reached skill level 5 in Bows
   652 | D:2      | Reached XP level 3. HP: 30/30 MP: 2/2
   776 | D:2      | Noticed Jessica
   789 | D:2      | Killed Jessica
   789 | D:2      | Reached XP level 4. HP: 34/38 MP: 3/3
   850 | D:2      | Reached skill level 1 in Armour
   974 | D:2      | Reached skill level 6 in Bows
  1505 | D:3      | Found a shimmering altar of Xom.
  1524 | D:3      | Reached XP level 5. HP: 44/46 MP: 4/4
  1823 | D:3      | Reached skill level 7 in Bows
  1988 | D:4      | Noticed a centaur
  1991 | D:4      | Killed a centaur
  1991 | D:4      | Reached XP level 6. HP: 52/52 MP: 5/5
  2048 | D:4      | Found a sand-covered staircase.
  2056 | D:5      | Entered Level 5 of the Dungeon
  2333 | D:5      | Reached skill level 8 in Bows
  2348 | D:5      | Reached skill level 1 in Short Blades
  2513 | D:5      | Reached XP level 7. HP: 60/60 MP: 6/6
  2518 | D:5      | Found a glowing golden altar of the Shining One.
  2841 | D:4      | Noticed Alfie's ghost (amateur MiHu)
  2878 | D:4      | Killed Alfie's ghost
  2878 | D:4      | Reached skill level 9 in Bows
  2961 | D:4      | Reached skill level 5 in Fighting
  2961 | D:4      | Reached XP level 8. HP: 70/70 MP: 7/7
  3946 | D:6      | Reached skill level 1 in Stealth
  4107 | D:6      | Reached skill level 10 in Bows
  4543 | D:7      | Noticed Alfie's ghost (novice MiHu)
  4587 | D:7      | HP: 3/72 [Alfie's ghost (7)]
  4594 | D:7      | HP: 3/72 [Alfie's ghost (9)]
  4595 | D:7      | Slain by Alfie's ghost

Skill      XL: |  1  2  3  4  5  6  7  8 |
---------------+-------------------------+-----
Bows           | 5 6 7 8 9 10 | 10.4
Armour         | 1 2 3 |  3.3
Fighting       | 3 4 5 6 |  6.0
Short Blades   | 1 2 |  2.9
Dodging        | 3 |  3.4
Stealth        | 1 |  1.2

Action                   |  1- 3 |  4- 6 |  7- 9 || total
-------------------------+-------+-------+-------++-------
Melee: Short sword       |    11 |    28 |    49 ||    88
       Headbutt          |     1 |     6 |    11 ||    18
 Fire: Shortbow          |    72 |   161 |   195 ||   428
  Use: Potion            |     2 |     1 |     6 ||     9
       Scroll            |       |     6 |     7 ||    13
  Eat: Bread ration      |       |     1 |     2 ||     3
Armor: Leather armour    |     7 |    26 |    16 ||    49
Dodge: Dodged            |    36 |    45 |    62 ||   143
